 Dungeon Crawl Stone Soup version 0.31-b1-22-gc680215f68 (webtiles) character file.

Game seed: 10495870630053938919

453 Buffagor the Slasher (level 7, 0/62 HPs)
             Began as a Naga Fighter on Jan 19, 2024.
             Slain by Duvessa
             ... wielding a +0 short sword
              (14 damage)
             ... on level 4 of the Dungeon.
             The game lasted 00:07:43 (1959 turns).

Buffagor the Slasher (Naga Fighter)                 Turns: 1959, Time: 00:07:43

Health: 0/62       AC:  5    Str: 19    XL:     7   Next: 5%
Magic:  7/7        EV:  7    Int:  8    God:
Gold:   102        SH:  4    Dex: 12    Spells: 6/6 levels left

rFire   . . .        a - +0 long sword
rCold   . . .        c - +0 buckler
rNeg    . . .        k - +0 scale mail
rPois   +            (no helmet)
rElec   .            (no cloak)
rCorr   .            (no gloves)
SInv    +            (no barding)
Will    .....        (no amulet) Stlth
                     (no ring)
HPRegen 0.30/turn    (no ring)
MPRegen 0.10/turn

%: no passive effects
@: short of breath, very slow
A: AC +2, large, see invisible, deformed body, poison resistance, slowness 2,
spit poison 1, naga tail 1
a: Spit Poison


You were on level 4 of the Dungeon.
You visited 1 branch of the dungeon, and saw 5 of its levels.

You collected 102 gold pieces.

Inventory:

Hand Weapons
 a - a +0 long sword (weapon)
 b - a +0 sling
Missiles
 h - 25 stones
Armour
 c - a +0 buckler (worn)
 k - a +0 scale mail (worn)
Talismans
 m - a flux talisman
Scrolls
 e - a scroll of torment {unknown}
 g - a scroll of teleportation {unknown}
 j - 3 scrolls of identify {unknown}
Potions
 d - a potion of cancellation {unknown}
 f - a potion of heal wounds {unknown}
 i - a potion of haste {unknown}
 l - a potion of lignification {unknown}
 n - a potion of mutation {unknown}


   Skills:
 - Level 3.0 Fighting
 + Level 7.4 Long Blades
 - Level 2.4 Armour
 - Level 2.6 Shields


You had 6 spell levels left.
You didn't know any spells.
Your spell library was empty.

Dungeon Overview and Level Annotations

Branches:
Dungeon (5/15)
 Temple: D:4-7

Altars:

Annotations:
D:4 Duvessa


Innate Abilities, Weirdness & Mutations

Your serpentine skin is tough. (AC +2)
You have supernaturally acute eyesight. (SInv)
Armour fits poorly on your strangely shaped body.
Your system is resistant to poisons. (rPois)
You cover ground very slowly.
You can spit poison.
You have a snake-like lower body.


Message History

You closely miss Duvessa.
Duvessa is lightly wounded.
Duvessa hits you with a +0 short sword!
You slash Duvessa!
Duvessa is moderately wounded.
You block Duvessa's attack.
Dowan gestures wildly while chanting.
Dowan blinks!
You hit Duvessa.
Duvessa is moderately wounded.
You have got your breath back.
You block Duvessa's attack. Duvessa closely misses you.
Aiming: Spit Poison (1% risk of failure)
Press: ? - help, Shift-Dir - straight line, f - Duvessa
Aim: Duvessa, wielding a +0 short sword and wearing a +0 leather armour (moderately wounded, 65% to hit)
The splash of poison hits Duvessa.
Duvessa is poisoned.
Duvessa is heavily wounded.
You block Duvessa's attack.
You hit Duvessa but do no damage.
Duvessa is heavily wounded.
Duvessa says, "My weaknesses are his strengths!"
Duvessa closely misses you.
You hit Duvessa.
Duvessa is heavily wounded.
You kill Dowan!
Duvessa screams in rage.
Duvessa goes berserk!
Duvessa hits you with a +0 short sword!
You have reached level 7!
You barely miss Duvessa.
Duvessa is heavily wounded.
You have got your breath back.
Duvessa hits you with a +0 short sword!
* * * LOW HITPOINT WARNING * * *
Aiming: Spit Poison (1% risk of failure)
Press: ? - help, Shift-Dir - straight line, f/p - Duvessa
Aim: Duvessa, wielding a +0 short sword and wearing a +0 leather armour (heavily wounded, berserk, poisoned, 65% to hit)
The splash of poison hits Duvessa!
Duvessa looks even sicker.
Duvessa is severely wounded.
Duvessa hits you with a +0 short sword!
You die...

................# #...
................# #...
.§.$............# #...
................# #)##
#..........)..#.# ##.#
##.....#.....##.# #..#
###########....#
####.## #e####
####....# ####@#
#.....### #..†.#
#####.### # #.####
#...###
##.###############.#..
#...#................#
#.....############..##
#...### ##.#. #####
#... ####


You could see Duvessa (berserk, very poisoned).

Vanquished Creatures
  Sigmund (D:2)
  Dowan (D:4)
  2 bombardier beetles (D:4)
  A hound (D:4)
  2 iguanas
  An adder (D:2)
  A dart slug (D:2)
  5 orcs (D:4)
  4 ball pythons
  6 bats
  5 endoplasms
  4 giant cockroaches (D:4)
  5 goblins
  9 hobgoblins
  7 jackals (D:1)
  5 kobolds
  3 quokkas
  2 frilled lizards
  4 rats
68 creatures vanquished.

Notes
Turn   | Place    | Note
-------+----------+-------------------------------------------
     0 | D:1      | Buffagor the Naga Fighter began the quest for the Orb.
     0 | D:1      | Reached XP level 1. HP: 21/21 MP: 1/1
   277 | D:1      | Reached XP level 2. HP: 28/28 MP: 2/2
   404 | D:1      | Reached skill level 3 in Long Blades
   614 | D:1      | Reached XP level 3. HP: 28/34 MP: 3/3
   666 | D:1      | Found a faded altar of an unknown god.
  1111 | D:2      | Reached skill level 4 in Long Blades
  1277 | D:2      | Noticed Sigmund
  1286 | D:2      | Killed Sigmund
  1287 | D:2      | Reached skill level 6 in Long Blades
  1287 | D:2      | Reached XP level 4. HP: 42/42 MP: 4/4
  1287 | D:2      | Reached XP level 5. HP: 49/49 MP: 5/5
  1287 | D:2      | Reached XP level 6. HP: 56/56 MP: 6/6
  1485 | D:5      | Entered Level 5 of the Dungeon
  1801 | D:4      | Reached skill level 7 in Long Blades
  1940 | D:4      | Noticed Duvessa
  1940 | D:4      | Noticed Dowan
  1957 | D:4      | Killed Dowan
  1958 | D:4      | Reached XP level 7. HP: 29/62 MP: 7/7
  1959 | D:4      | Slain by Duvessa

Illustrated notes

Levels and vault maps discovered:
D:1:      evilmike_arrival_crescent, layout_loops_corners,
          dreamdust_ecumenical_altar_hidden_monk_grotto
D:2:      layout_basic, minmay_misc_feat_four_crosses, uniq_crazy_yiuf_cottage,
          uniq_sigmund
D:3:      layout_rooms, serial_shops, shop, grunt_decor_arrowhead,
          dk_noncrumbling_4, bh_walls_and_bars
D:4:      layout_rooms, uniq_duvessa
D:5:      layout_basic, serial_corexii_hall, corexii_hall_statues_s,
          corexii_hall_statues_x, corexii_hall_statues_deadend,
          chequers_hall_statues_wall_a, corexii_hall_statues_deadend,
          chequers_hall_statues_corner_a

Skill      XL: |  1  2  3  4  5  6 |
---------------+-------------------+-----
Long Blades    | 3 6 7 |  7.4
Fighting       | |  3.0
Armour         | |  2.4
Shields        | |  2.6

Action                     |  1- 3 |  4- 6 |  7- 9 || total
---------------------------+-------+-------+-------++-------
  Melee: Long sword        |    79 |    90 |     1 ||   170
Ability: Spit Poison       |    21 |    29 |     1 ||    51
    Use: Potion            |     1 |       |       ||     1
 Armour: Scale mail        |    78 |    66 |     2 ||   146
  Dodge: Dodged            |    42 |    27 |       ||    69
  Block: Buckler           |    26 |    14 |       ||    40
